 Dungeon Crawl Stone Soup version 0.24.0-13-gcf9b319 (webtiles) character file.

Game seed: 9107886472806411233, levelgen mode: deterministic

85 ClockworkOrrery the Shield-Bearer (level 4, 0/41 HPs)
             Began as a Gnoll Fighter on Feb 19, 2020.
             Succumbed to a worker ant's poison
             ... on level 2 of the Dungeon.
             The game lasted 00:03:02 (936 turns).

ClockworkOrrery the Shield-Bearer (Gnoll Fighter)    Turns: 936, Time: 00:03:02

Health: 0/41       AC:  9    Str: 18    XL:     4   Next: 48%
Magic:  5/5        EV:  8    Int: 12    God:
Gold:   103        SH: 10    Dex: 14    Spells: 5/5 levels left

rFire    . . .     SeeInvis .   a - +0 flail
rCold    . . .     Gourm    .   c - +0 shield
rNeg     . . .     Faith    .   b - +0 scale mail
rPois    .         Spirit   .   (no helmet)
rElec    .         Reflect  .   n - +0 cloak
rCorr    .         Harm     .   (no gloves)
MR       .....                  (no boots)
Stlth    ..........             (no amulet)
HPRegen  0.13/turn              (no ring)
MPRegen  0.09/turn              (no ring)

@: lethally poisoned (0 -> -12)
A: distributed training, fangs 1, strong nose
a: no special abilities


You were on level 2 of the Dungeon.
You were not hungry.

You visited 1 branch of the dungeon, and saw 2 of its levels.

You collected 103 gold pieces.

Inventory:

Hand Weapons
 a - a +0 flail (weapon)
Armour
 b - a +0 scale mail (worn)
 c - a +0 shield (worn)
 n - a +0 cloak (worn)
Scrolls
 e - 2 scrolls of identify {unknown}
 h - a scroll of remove curse {unknown}
 i - a scroll of enchant weapon {unknown}
 l - a scroll of teleportation {unknown}
 m - a scroll of noise {unknown}
 o - a scroll of fear {unknown}
 p - a scroll of magic mapping {unknown}
Potions
 d - 2 potions of might
 j - a potion of ambrosia {unknown}
 k - a potion of curing {unknown}
Comestibles
 f - 3 rations
 g - a chunk of flesh


   Skills:
 + Level 6.6 Fighting
 + Level 1.1 Short Blades
 + Level 1.1 Long Blades
 + Level 1.1 Axes
 + Level 4.6 Maces & Flails
 + Level 1.1 Polearms
 + Level 1.1 Staves
 + Level 1.1 Slings
 + Level 1.1 Bows
 + Level 1.1 Crossbows
 + Level 1.1 Throwing
 + Level 6.6 Armour
 + Level 1.1 Dodging
 + Level 1.1 Stealth
 + Level 6.6 Shields
 + Level 1.1 Unarmed Combat
 + Level 1.1 Spellcasting
 + Level 0.9 Conjurations
 + Level 0.9 Hexes
 + Level 0.9 Charms
 + Level 0.9 Summonings
 + Level 0.9 Necromancy
 + Level 0.9 Translocations
 + Level 0.9 Transmutations
 + Level 0.9 Fire Magic
 + Level 0.9 Ice Magic
 + Level 0.9 Air Magic
 + Level 0.9 Earth Magic
 + Level 0.9 Poison Magic
 + Level 1.2 Invocations
 + Level 1.1 Evocations


You had 5 spell levels left.
You didn't know any spells.
Your spell library was empty.

Dungeon Overview and Level Annotations

Branches:
Dungeon (2/15)

Altars:
Sif Muna


Innate Abilities, Weirdness & Mutations

Your experience applies equally to all skills.
You have very sharp teeth.
Your uncanny sense of smell can sniff out nearby items.


Message History

* * * LOW HITPOINT WARNING * * *
You feel sick. The worker ant closely misses you.
You block the worker ant's attack.
You hit the worker ant but do no damage.
The worker ant is heavily wounded.
* * * LOW HITPOINT WARNING * * *
You feel sick. You block the worker ant's attack.
You barely miss the worker ant.
The worker ant is heavily wounded.
* * * LOW HITPOINT WARNING * * *
You feel sick. You block the worker ant's attack.
The worker ant bites you but does no damage.
You hit the worker ant.
The worker ant is almost dead.
* * * LOW HITPOINT WARNING * * *
You feel sick.
The worker ant bites you but does no damage.
You hit the worker ant.
You kill the worker ant!
You die...

## #. ##+## ###.###
##...## #.....##
##.....## #......##
##.......##
#..#....####.........#
#).........+.........'
#....@†.# #.........#
###.##.## ##.......##
#.# ## ##.....##
#####.##### ##...##
#.........# ##÷##
#.###.###.# #.#####
#.# #.# #......
#.###.# ##.####.
#.....# ##.......


There were no monsters in sight!

Vanquished Creatures
  A worker ant (D:2)
  2 adders (D:2)
  A dart slug (D:1)
  A giant cockroach (D:1)
  4 goblins
  6 hobgoblins
  8 jackals (D:1)
  4 bats (D:1)
  2 frilled lizards (D:1)
  5 kobolds (D:1)
  2 rats (D:1)
36 creatures vanquished.

Notes
Turn   | Place    | Note
-------+----------+-------------------------------------------
     0 | D:1      | ClockworkOrrery the Gnoll Fighter began the quest for the
                  | Orb.
     0 | D:1      | Reached XP level 1. HP: 23/23 MP: 1/1
    89 | D:1      | Reached XP level 2. HP: 28/29 MP: 2/2
   239 | D:1      | Reached XP level 3. HP: 33/35 MP: 3/3
   640 | D:2      | Reached skill level 1 in Invocations
   677 | D:2      | Reached skill level 1 in Short Blades
   677 | D:2      | Reached skill level 1 in Long Blades
   677 | D:2      | Reached skill level 1 in Axes
   677 | D:2      | Reached skill level 1 in Polearms
   677 | D:2      | Reached skill level 1 in Staves
   677 | D:2      | Reached skill level 1 in Slings
   677 | D:2      | Reached skill level 1 in Bows
   677 | D:2      | Reached skill level 1 in Crossbows
   677 | D:2      | Reached skill level 1 in Throwing
   677 | D:2      | Reached skill level 1 in Dodging
   677 | D:2      | Reached skill level 1 in Stealth
   677 | D:2      | Reached skill level 1 in Unarmed Combat
   677 | D:2      | Reached skill level 1 in Spellcasting
   677 | D:2      | Reached skill level 1 in Evocations
   678 | D:2      | Reached XP level 4. HP: 37/41 MP: 5/5
   720 | D:2      | Found a shimmering blue altar of Sif Muna.
   935 | D:2      | HP: 2/41 [poisoned by a worker ant]
   936 | D:2      | Succumbed to a worker ant's poison

Levels and vault maps discovered:
D:1:      giann_wishing_wells, layout_rooms, hangedman_decor_lopped
D:2:      layout_loops_corners, first_ration, lemuel_blue_sif_altar

Skill      XL: |  1  2  3 |
---------------+----------+-----
Invocations    | 1 |  1.2
Short Blades   | 1 |  1.1
Long Blades    | 1 |  1.1
Axes           | 1 |  1.1
Polearms       | 1 |  1.1
Staves         | 1 |  1.1
Slings         | 1 |  1.1
Bows           | 1 |  1.1
Crossbows      | 1 |  1.1
Throwing       | 1 |  1.1
Dodging        | 1 |  1.1
Stealth        | 1 |  1.1
Unarmed Combat | 1 |  1.1
Spellcasting   | 1 |  1.1
Evocations     | 1 |  1.1
Fighting       | |  6.6
Maces & Flails | |  4.6
Armour         | |  6.6
Shields        | |  6.6
Conjurations   | |  0.9
Hexes          | |  0.9
Charms         | |  0.9
Summonings     | |  0.9
Necromancy     | |  0.9
Translocations | |  0.9
Transmutations | |  0.9
Fire Magic     | |  0.9
Ice Magic      | |  0.9
Air Magic      | |  0.9
Earth Magic    | |  0.9
Poison Magic   | |  0.9

Action                   |  1- 3 |  4- 6 || total
-------------------------+-------+-------++-------
Melee: Flail             |    96 |    23 ||   119
       Bite              |    11 |     3 ||    14
Armor: Scale mail        |    35 |     8 ||    43
Dodge: Dodged            |    27 |     3 ||    30
Block: Shield            |    61 |    11 ||    72
